 Dungeon Crawl Stone Soup version 0.28.0 (webtiles) character file.

Game seed: 9380755821115729159

63 mortz the Magician (level 4, 0/31 HPs)
             Began as a Djinni Fire Elementalist on Feb 18, 2022.
             Slain by an adder (2 damage)
             ... on level 2 of the Dungeon.
             The game lasted 00:10:56 (2257 turns).

mortz the Magician (Djinni Fire Elementalist)       Turns: 2257, Time: 00:10:56

Health: 0/31       AC:  2    Str:  7    XL:     4   Next: 31%
Gold:   101        EV: 12    Int: 19    God:
                   SH:  0    Dex: 13

rFire   + + .      SeeInvis .   o - +0 trident
rCold   x . .      Faith    .   (no shield)
rNeg    . . .      Spirit   .   a - +0 robe
rPois   ∞          Reflect  .   (no helmet)
rElec   .          Harm     .   (no cloak)
rCorr   .          Rampage  .   (no gloves)
Will    .....                   (boots unavailable)
Stlth   ++........              (no amulet)
HPRegen 0.10/turn               (no ring)
MPRegen 0.00/turn               (no ring)

@: flying
A: sickness immunity, fire resistance 2, cold vulnerability 1, float, innate
caster, HP casting, extra vitality 1
a: no special abilities


You were on level 2 of the Dungeon.
You visited 1 branch of the dungeon, and saw 3 of its levels.

You collected 101 gold pieces.

Inventory:

Hand Weapons
 f - a +0 dagger
 o - a +0 trident (weapon)
Armour
 a - a +0 robe (worn)
 h - a +0 scale mail
Jewellery
 l - a ring of protection from fire
Scrolls
 c - a scroll of enchant armour {unknown}
 d - a scroll of teleportation {unknown}
 e - 3 scrolls of identify {unknown}
 i - a scroll of silence {unknown}
 k - a scroll of noise {unknown}
 n - a scroll of vulnerability {unknown}
Potions
 b - a potion of cancellation {unknown}
 g - 5 potions of heal wounds {unknown}
 j - a potion of lignification {unknown}
 m - a potion of curing {unknown}


   Skills:
 + Level 2.4 Dodging
 + Level 1.8 Stealth
 + Level 3.5 Spellcasting


You couldn't memorise any spells.
You knew the following spells:

 Your Spells              Type           Power      Damage    Failure   Level
a - Foxfire               Conj/Fire      68%        2x1d7     3%          1
b - Scorch                Fire           34%        2d7       4%          2
c - Conjure Flame         Conj/Fire      17%        6-21      10%         3
d - Inner Flame           Hex/Fire       17%        N/A       10%         3
e - Flame Wave            Conj/Fire      17%        2d6       32%         4
f - Sting                 Tmut/Pois      68%        1d6       3%          1
Your spell library was empty.

Dungeon Overview and Level Annotations

Branches:
Dungeon (3/15)

Altars:
Cheibriados


Innate Abilities, Weirdness & Mutations

You are immune to sickness and miasma.
You are immune to poison.
Your flesh is very heat resistant. (rF++)
You are vulnerable to cold. (rC-)
You float through the air rather than walking.
You learn spells naturally, not from books.
Your magical power is your life essence.
You have superior vitality. (+4 MHP)


Message History

There is a stone staircase leading down here.
Casting: Foxfire (safe; 3% risk of failure)
Press: ? - help, Q - select action, (/) - cycle Dir - look around, f - activate You conjure some foxfire!
* * * LOW HITPOINT WARNING * * *
The adder closely misses you.
You miss the adder.
The foxfire hits the adder.
The adder is lightly wounded.
The foxfire hits the adder.
The adder is lightly wounded.
The adder bites you but does no damage. The adder misses you.
Casting: Foxfire (safe; 3% risk of failure)
Press: ? - help, Q - select action, (/) - cycle Dir - look around, f - activate You miscast Foxfire.
You are very lightly contaminated with residual magic.
Nothing appears to happen.
* * * LOW HITPOINT WARNING * * *
The adder closely misses you. The adder closely misses you.
The adder closely misses you.
Your magical contamination has completely faded away.
The adder bites you.
* * * LOW HITPOINT WARNING * * *
The adder bites you.
* * * LOW HITPOINT WARNING * * *
The adder bites you.
* * * LOW HITPOINT WARNING * * *
Casting: Foxfire (safe; 3% risk of failure)
Press: ? - help, Q - select action, (/) - cycle Dir - look around, f - activate You conjure some foxfire!
* * * LOW HITPOINT WARNING * * *
The adder barely misses you.
You puncture the adder!
The adder is severely wounded.
The foxfire hits the adder.
The adder is almost dead.
The foxfire hits the adder.
The adder is almost dead.
The adder misses you. The adder bites you.
You die...

# #.#..##.# #...# #.##.#.#.. #
#.##.##.# #...# #.......## #
#.##.##.# #...########.###.. #
#.......# #.........##.# ###
#######.########...###...##.#
...# #.###...............#.# ###
...# #.#...................###..
...####.#.#....S..........#...#.#
#..........#####@§.#.......##.#.#
#..#.##.#..# #§....)...#.##.#.#
#..#.##.#..# ###...#.##.##.##.#.#
#..........# #.......##.........#
##.#.##.##.# #.#.....#####.##....
#.#.##.##.# #.#..#........######
##..>......# #.#.##.######## #
.....####### #.#.##.## #
##############.......# #


You could see an adder.

Vanquished Creatures
  2 adders
  A worm (D:2)
  A dart slug (D:1)
  An orc (D:3)
  3 endoplasms
  A giant cockroach (D:1)
  4 goblins
  4 hobgoblins
  3 jackals (D:2)
  2 quokkas (D:2)
  6 ball pythons
  2 frilled lizards
  4 kobolds (D:1)
  2 rats
36 creatures vanquished.

Vanquished Creatures (others)
  95 foxfires
95 creatures vanquished.

Grand Total: 131 creatures vanquished

Notes
Turn   | Place    | Note
-------+----------+-------------------------------------------
     0 | D:1      | mortz the Djinni Fire Elementalist began the quest for the
                  | Orb.
     0 | D:1      | Reached XP level 1. HP: 15/15 MP: 0/0
   260 | D:1      | Reached XP level 2. HP: 18/21 MP: 0/0
   851 | D:1      | Reached skill level 3 in Spellcasting
  1130 | D:2      | Reached XP level 3. HP: 25/25 MP: 0/0
  1130 | D:2      | Learned a level 1 spell: Sting
  1480 | D:2      | Found a faded altar of an unknown god.
  1941 | D:2      | Reached XP level 4. HP: 29/31 MP: 0/0
  2194 | D:3      | Found a snail-covered altar of Cheibriados.
  2257 | D:2      | Slain by an adder

Illustrated notes

Levels and vault maps discovered:
D:1:      lemuel_arrival_tunnels, layout_loops_ring, minmay_cupped
D:2:      layout_loops_cross, shapermc_ecumenical_altar_starsandcircs
D:3:      layout_basic, slow_altar_1, nicolae_overflow_crystal_walls

Skill      XL: |  1  2 |
---------------+-------+-----
Spellcasting   | 3 |  3.5
Dodging        | |  2.4
Stealth        | |  1.8

Action                   |  1- 3 |  4- 6 || total
-------------------------+-------+-------++-------
Melee: Dagger            |    13 |     1 ||    14
       Unarmed           |     1 |       ||     1
       Trident           |       |     4 ||     4
 Cast: Foxfire           |    42 |    12 ||    54
Armor: Robe              |     4 |     2 ||     6
Dodge: Dodged            |     9 |    10 ||    19
